 Dungeon Crawl Stone Soup version 0.30-a0-457-g4b7bca3bfa (webtiles) character file.

Game seed: 4685473426629618853

65 Raultor the Changer (level 4, -2/28 HPs)
             Began as an Octopode Transmuter on Dec 13, 2022.
             Slain by Terence
             ... wielding a +3 vorpal hand axe
              (3 damage)
             ... on level 2 of the Dungeon.
             The game lasted 00:02:19 (898 turns).

Raultor the Changer (Octopode Transmuter)            Turns: 898, Time: 00:02:20

Health: -2/28      AC:  1    Str:  9    XL:     4   Next: 13%
Magic:  5/7        EV: 13    Int: 17    God:
Gold:   87         SH:  0    Dex: 12    Spells: 4/7 levels left

rFire   . . .      SeeInvis .      - Unarmed
rCold   . . .      Faith    .    (no shield)
rNeg    . . .      Spirit   .    (helmet restricted)
rPois   .          Reflect  .    (no amulet)
rElec   .          Harm     .    (no ring)
rCorr   .          Rampage  .    (no ring)
Will    .....                    (no ring)
Stlth   ++........               (no ring)
HPRegen 0.24/turn                (no ring)
MPRegen 0.10/turn                (no ring)
                                 (no ring)
                                 (no ring)

@: wereblooded
A: almost no armour, amphibious, 8 rings, camouflage 1, gelatinous body 1,
(nimble swimmer 1), tentacles
a: no special abilities


You were on level 2 of the Dungeon.
You visited 1 branch of the dungeon, and saw 2 of its levels.

You collected 87 gold pieces.


Innate Abilities, Weirdness & Mutations

You cannot wear most types of armour.
You are amphibious.
You can wear up to eight rings at the same time.
Your skin changes colour to match your surroundings (Stealth+).
Your rubbery body absorbs attacks. (AC +1, EV +1)
((You are camouflaged when in or above water. (Stealth+)))
You have tentacles for arms and can constrict up to eight enemies at once.


   Skills:
 - Level 1.0 Fighting
 - Level 2.0 Dodging
 - Level 3.0 Unarmed Combat
 - Level 2.0 Spellcasting
 * Level 3.3 Transmutations
 * Level 2.4 Ice Magic


You had 4 spell levels left.
You knew the following spells:

 Your Spells              Type           Power      Damage    Failure   Level
b - Beastly Appendage     Tmut           26%        N/A       4%          1
w - Wereblood             Tmut           13%        N/A       8%          2

Your spell library contained the following spells:

 Spells                   Type           Power      Damage    Failure   Level
 Spider Form              Tmut/Pois      7%         N/A       30%         3
 Ice Form                 Ice/Tmut       11%        N/A       52%         4

Inventory:

Scrolls
 b - a scroll of vulnerability {unknown}
 c - 2 scrolls of identify {unknown}
 f - a scroll of torment {unknown}
Potions
 a - 2 potions of lignification
 d - 2 potions of curing {unknown}
 e - a potion of brilliance {unknown}

Dungeon Overview and Level Annotations

Branches:
Dungeon (2/15)

Altars:

Annotations:
D:2 Terence

........##...........#
........>............#
.....................#
...................######
...........######........
.......$.)...# #........
...........#?# #........
####+###?#.#.# ##'######
#@#...# #.#..... #@#.#.#
#.#.####
#S#...#####.#.#.†.
................##
#.#.........#..... #.#
........#.#.## #.#
........#.#.## #.#
........#.#.##
#####.#.#.#.#


You could see Terence and a ball python.


Message History

2 gold pieces; a dart slug corpse You tentacle-slap the hobgoblin.
You kill the hobgoblin!
Terence the Incautious comes into view.
He is wielding a +3 vorpal hand axe.
You howl as the wereblood boils in your veins!
Terence shouts!
You hear an angry hiss.
Things that are here:
a scroll labelled PEMIUBETIRR; a hobgoblin corpse A ball python comes into view.
You tentacle-slap Terence but do no damage.
You grab Terence.
You pierce Terence.
Terence is moderately wounded.
You constrict Terence, but do no damage.
Terence hits you with a +3 vorpal hand axe!
You tentacle-slap Terence.
You pierce Terence.
Terence is moderately wounded.
You constrict Terence.
Terence hits you with a +3 vorpal hand axe!
* * * LOW HITPOINT WARNING * * *
x2 You tentacle-slap Terence but do no damage.
Terence is heavily wounded.
You howl as the wereblood boils in your veins!
You constrict Terence. You completely miss Terence.
You pierce Terence.
Your squeeze misses Terence.
Terence is severely wounded.
Your tentacle spike disappears.
You constrict Terence.
Terence hits you with a +3 vorpal hand axe!
* * * LOW HITPOINT WARNING * * *
You die...

Skill      XL: |  1  2  3 |
---------------+----------+-----
Ice Magic      | 1 2 |  2.4
Transmutations | 3 |  3.3
Fighting       | |  1.0
Dodging        | |  2.0
Unarmed Combat | |  3.0
Spellcasting   | |  2.0

Action                   |  1- 3 |  4- 6 || total
-------------------------+-------+-------++-------
Melee: Unarmed           |    59 |     6 ||    65
       Constrict         |    14 |     2 ||    16
       Tentacles         |    11 |       ||    11
       Punch             |     2 |       ||     2
       Kick              |     3 |     4 ||     7
 Cast: Beastly Appendage |     3 |       ||     3
       Wereblood         |     1 |       ||     1
 Stab: Sleeping          |     5 |       ||     5
Armor: Skin              |     3 |       ||     3
Dodge: Dodged            |    35 |       ||    35

Levels and vault maps discovered:
D:1:      lightli_arrival_noodles, layout_loops_ring
D:2:      layout_basic, serial_shops, shop_fountains, uniq_jessica, uniq_terence

Notes
Turn   | Place    | Note
-------+----------+-------------------------------------------
     0 | D:1      | Raultor the Octopode Transmuter began the quest for the
                  | Orb.
     0 | D:1      | Reached XP level 1. HP: 13/13 MP: 3/3
   258 | D:1      | Reached skill level 1 in Ice Magic
   258 | D:1      | Reached XP level 2. HP: 18/18 MP: 3/5
   694 | D:1      | Learned a level 2 spell: Wereblood
   815 | D:2      | Reached XP level 3. HP: 19/23 MP: 6/6
   856 | D:2      | Noticed Jessica
   886 | D:2      | Killed Jessica
   887 | D:2      | Reached skill level 3 in Transmutations
   887 | D:2      | Reached skill level 2 in Ice Magic
   887 | D:2      | Reached XP level 4. HP: 27/28 MP: 3/7
   892 | D:2      | Noticed Terence
   898 | D:2      | HP: 1/28 [Terence/+3 vorpal hand axe (7)]
   898 | D:2      | Slain by Terence

Vanquished Creatures
  Jessica (D:2)
  An adder (D:2)
  A dart slug (D:2)
  4 ball pythons
  3 endoplasms (D:1)
  2 giant cockroaches (D:1)
  A goblin (D:2)
  4 hobgoblins
  A kobold (D:1)
  A quokka (D:2)
  2 bats (D:1)
  A frilled lizard (D:1)
  4 rats (D:1)
26 creatures vanquished.

Table legend: (Time is in decaauts)
 A = Elapsed time spent in this place.
 B = Non-inter-level travel time spent in this place.
 C = Inter-level travel time spent in this place.
 D = Time resting spent in this place.
 E = Time spent auto-exploring this place.
 F = Levels seen in this place.
 G = Mean time per level.
                   A        B        C        D        E       F      G
               +--------+--------+--------+--------+--------+-----+--------+
         Total |    894 |    864 |     30 |      0 |    668 |   2 |  447.0 |
       Dungeon |    894 |    864 |     30 |      0 |    668 |   2 |  447.0 |
               +--------+--------+--------+--------+--------+-----+--------+

Top non-repeatable levels by time:
     D:1: 723 daAuts
     D:2: 171 daAuts

Table legend:
 A = Non-vault XP
 B = Vault XP
 C = Vault XP percentage of total XP
 D = Non-vault monster count
 E = Vault monster count
 F = Vault count percentage of total count
                 A         B        C        D         E       F
            +---------+---------+-------+---------+---------+-------
      Total |      56 |      37 |  39.8 |      25 |       1 |   3.8
            +---------+---------+-------+---------+---------+-------
        D:1 |      29 |       0 |   0.0 |      18 |       0 |   0.0
        D:2 |      27 |      37 |  57.8 |       7 |       1 |  12.5
            +---------+---------+-------+---------+---------+-------
